 Dungeon Crawl Stone Soup version 0.24.0-13-gcf9b3192b9 (webtiles) character file.

Game seed: 6515316805382968054, levelgen mode: deterministic

1404 Monsterracer the Cutter (level 9, -3/59 HPs)
             Began as a Halfling Transmuter on Nov 6, 2019.
             Was a Follower of Dithmenos.
             Slain by an orc warrior
             ... wielding a +0 hand axe
              (15 damage)
             ... on level 5 of the Dungeon.
             The game lasted 00:09:29 (7599 turns).

Monsterracer the Cutter (Halfling Transmuter)       Turns: 7599, Time: 00:09:29

Health: -3/59      AC:  9    Str: 14    XL:     9   Next: 1%
Magic:  3/11       EV: 17    Int: 15    God:    Dithmenos [*.....]
Gold:   217        SH:  0    Dex: 15    Spells: 8/11 levels left

rFire    . . .     SeeInvis .   e - +0 short sword
rCold    . . .     Gourm    .   (shield restricted)
rNeg     . . .     Faith    .   k - +0 ring mail
rPois    .         Spirit   .   (no helmet)
rElec    .         Reflect  .   p - +0 cloak
rCorr    .         Harm     .   b - +0 pair of gloves
MR       .....                  j - +1 pair of boots
Stlth    ++........             (no amulet)
HPRegen  0.19/turn              m - +4 ring of intelligence
MPRegen  0.12/turn              n - +2 ring of evasion

@: appendage, wreathed by umbra
A: small, horns 2, mutation resistance 1
a: End Transformation, Renounce Religion


You were on level 5 of the Dungeon.
You worshipped Dithmenos.
Dithmenos was aware of your devotion.
You were not hungry.
You had grown temporary horns.
You visited 1 branch of the dungeon, and saw 6 of its levels.

You collected 315 gold pieces.
You spent 98 gold pieces at shops.

Inventory:

Hand Weapons
 e - a +0 short sword (weapon)
   (You took it off a kobold on level 1 of the Dungeon)
Missiles
 a - 14 arrows
 y - a throwing net (quivered) {!f}
Armour
 b - a +0 pair of gloves (worn)
   (You found it on level 3 of the Dungeon)
 j - a +1 pair of boots (worn)
   (You found it on level 1 of the Dungeon)
 k - a +0 ring mail (worn)
   (You found it on level 1 of the Dungeon)
 p - a +0 cloak (worn)
   (You found it on level 2 of the Dungeon)
Jewellery
 m - a +4 ring of intelligence (left hand)
   (You found it on level 2 of the Dungeon)
 n - a +2 ring of evasion (right hand)
   (You found it on level 2 of the Dungeon)
Wands
 s - a wand of flame (23)
   (You found it on level 4 of the Dungeon)
 u - a wand of digging (9)
   (You took it off Ijyb on level 4 of the Dungeon)
Scrolls
 i - a scroll of fog {unknown}
 l - a scroll of noise {unknown}
 o - a scroll of amnesia
 q - a scroll of fear {unknown}
 r - 5 scrolls of remove curse
 t - 3 scrolls of teleportation {!r}
 w - a scroll of magic mapping {unknown}
 x - a scroll of immolation {unknown}
Potions
 d - a potion of heal wounds
 f - a potion of lignification {unknown}
 g - a potion of agility
 h - a potion of haste
 v - a potion of magic
 z - a potion of brilliance
 A - a potion of might {unknown}
Comestibles
 c - 4 rations


   Skills:
 + Level 4.5 Fighting
 * Level 7.9 Short Blades
 + Level 4.6 Dodging
 + Level 3.2 Stealth
 - Level 2.4 Unarmed Combat
 - Level 1.5 Spellcasting
 - Level 2.0 Transmutations
 + Level 2.9 Invocations
 + Level 0.1 Evocations


You had 8 spell levels left.
You knew the following spells:

 Your Spells              Type           Power        Failure   Level  Hunger
b - Sticks to Snakes      Tmut           #.......     32%         2    ###....
j - Beastly Appendage     Tmut           #.....       22%         1    ##.....

Your spell library contained the following spells:

 Spells                   Type           Power        Failure   Level  Hunger
 Spider Form              Tmut/Pois      #.........   67%         3    ####...
 Ice Form                 Ice/Tmut       #.......     97%         4    #####..
 Blade Hands              Tmut           #.........   99%         5    ######.


Dungeon Overview and Level Annotations

Branches:
Dungeon (6/15)
 Temple: D:4-7

Altars:
Cheibriados
Dithmenos
Elyvilon
Fedhas
Hepliaklqana
Okawaru
Sif Muna
Trog
Uskayaw
Vehumet
Yredelemnul
The Shining One

Shops:
D:5 *

Annotations:
D:3 Sigmund


Innate Abilities, Weirdness & Mutations

You are small and have problems with some larger weapons.
You are somewhat resistant to further mutation.
You have a pair of horns on your head.


Message History

You barely miss the orc warrior.
The orc warrior is lightly wounded.
Your adder misses the orc warrior.
You hit the orc warrior but do no damage.
The orc warrior is lightly wounded.
Your adder misses the orc warrior.
The orc warrior hits you but does no damage.
The orc warrior hits your adder with a +0 hand axe!
You hit the orc warrior.
The orc warrior is moderately wounded.
Your adder bites the orc warrior but does no damage.
The orc warrior hits you but does no damage.
The orc warrior hits your adder with a +0 hand axe!
Your adder dies!
You hit the orc warrior but do no damage.
The orc warrior is moderately wounded.
You closely miss the orc warrior.
The orc warrior is moderately wounded.
The orc warrior closely misses you.
You hit the orc warrior but do no damage.
The orc warrior is moderately wounded.
The orc warrior hits you with a +0 hand axe.
You hit the orc warrior but do no damage.
The orc warrior is moderately wounded.
You completely miss the orc warrior.
The orc warrior is moderately wounded.
The orc warrior hits you with a +0 hand axe.
You barely miss the orc warrior.
The orc warrior is moderately wounded.
You closely miss the orc warrior.
The orc warrior is moderately wounded.
The orc warrior hits you with a +0 hand axe!
You barely miss the orc warrior.
The orc warrior is moderately wounded.
The orc warrior closely misses you.
You hit the orc warrior but do no damage.
The orc warrior is moderately wounded.
You hit the orc warrior.
The orc warrior is moderately wounded.
The orc warrior barely misses you.
You hit the orc warrior.
The orc warrior is moderately wounded.
The orc warrior barely misses you.
You hit the orc warrior.
The orc warrior is moderately wounded.
You hit the orc warrior.
The orc warrior is heavily wounded.
The orc warrior hits you with a +0 hand axe!
* * * LOW HITPOINT WARNING * * *
You closely miss the orc warrior.
The orc warrior is heavily wounded.
You are starving!
The orc warrior misses you.
Unknown command.
You closely miss the orc warrior.
The orc warrior is heavily wounded.
You hit the orc warrior but do no damage.
The orc warrior is heavily wounded.
The orc warrior completely misses you.
You eat one of the 5 rations.
That ration really hit the spot!
The orc warrior completely misses you.
You closely miss the orc warrior.
The orc warrior is heavily wounded.
You barely miss the orc warrior.
The orc warrior is heavily wounded.
The orc warrior hits you with a +0 hand axe.
* * * LOW HITPOINT WARNING * * *
Casting: Sticks to Snakes (safe; 32% risk of failure)
Confirm with . or Enter, or press ? or * to list all spells.
You grow a pair of large bovine horns.
The orc warrior closely misses you.
Casting: Beastly Appendage (safe; 22% risk of failure)
Confirm with . or Enter, or press ? or * to list all spells.
You don't know that spell.
You hit the orc warrior but do no damage.
Your headbutt misses the orc warrior.
The orc warrior is heavily wounded.
The orc warrior completely misses you.
Casting: Beastly Appendage (safe; 22% risk of failure)
Confirm with . or Enter, or press ? or * to list all spells.
You create a snake!
You now have 14 arrows.
You hit the orc warrior but do no damage.
You headbutt the orc warrior.
The orc warrior is heavily wounded.
The orc warrior barely misses you.
You completely miss the orc warrior.
The orc warrior is heavily wounded.
The orc warrior hits you with a +0 hand axe!
* * * LOW HITPOINT WARNING * * *
The orc warrior hits your ball python with a +0 hand axe!
Your ball python dies!
Your magical contamination has completely faded away.
You closely miss the orc warrior.
The orc warrior is heavily wounded.
You barely miss the orc warrior.
The orc warrior is heavily wounded.
The orc warrior misses you.
You closely miss the orc warrior.
The orc warrior is heavily wounded.
The orc warrior hits you with a +0 hand axe!
You die...

#..(..# #.# #.#...............
#.....# #.####.#.#########.....
#.....# #.##.....# #.####
###.....###.##....## #.#
..'.....'...##.....#########.####
###.....######...................
#.....######.....##############
#................##############
#####.######..@o..............#
#.# #...#.#########....# #.#
###.#.# #....# #.# #.#.####
#....# #####'##### #.#....#
####....# #.........####.####.#
#.......# #.........'..#.# #.#
#.####'## #.........##.#.#
#.###.## #.# #.........##.#.#
#.8.8.8# #.#


You could see an orc warrior.

Vanquished Creatures
  Grinder (D:4)
  Duvessa (D:4)
  A black bear (D:6)
  An ice beast (D:5)
  3 phantoms (D:5 D:6)
  3 wights (D:4)
  2 crimson imps (D:5 D:6)
  A bullfrog skeleton (D:4)
  Crazy Yiuf (D:4)
  2 hounds (D:4 D:5)
  An orc wizard (D:2)
  Ijyb (D:4)
  4 worker ants (D:4 D:5)
  A hound skeleton (D:4)
  A worker ant zombie (D:6)
  9 adders (D:2 D:3 D:4 D:6)
  2 oozes (D:2 D:5)
  3 worms (D:2 D:3 D:4)
  4 dart slugs (D:1 D:2 D:3)
  3 leopard geckos (D:1 D:2 D:3)
  16 orcs (D:3 D:2 D:5 D:6)
  7 giant cockroaches (D:1 D:2 D:3 D:6)
  7 goblins (D:1 D:2 D:3)
  9 hobgoblins (D:1 D:2 D:3)
  12 jackals (D:2 D:3 D:5)
  6 kobolds (D:1 D:2 D:3)
  A quokka (D:4)
  A ball python (D:3)
  10 bats (D:1 D:2 D:3)
  5 frilled lizards (D:1 D:2 D:5)
  A jackal skeleton (D:4)
  10 rats (D:1 D:2 D:3)
130 creatures vanquished.

Vanquished Creatures (collateral kills)
  An adder (D:2)
  A worm (D:2)
2 creatures vanquished.

Grand Total: 132 creatures vanquished

Notes
Turn   | Place    | Note
-------+----------+-------------------------------------------
     0 | D:1      | Monsterracer the Halfling Transmuter began the quest for
                  | the Orb.
     0 | D:1      | Reached XP level 1. HP: 12/12 MP: 3/3
     8 | D:1      | Reached skill level 1 in Fighting
   464 | D:1      | Reached XP level 2. HP: 16/19 MP: 4/4
   731 | D:1      | Reached skill level 1 in Short Blades
   905 | D:1      | Reached XP level 3. HP: 21/24 MP: 5/5
   909 | D:1      | Learned a level 2 spell: Sticks to Snakes
  1084 | D:1      | Found a snail-covered altar of Cheibriados.
  1151 | D:2      | Reached skill level 2 in Short Blades
  1315 | D:2      | Found a shadowy altar of Dithmenos.
  1358 | D:2      | Reached XP level 4. HP: 24/29 MP: 6/6
  1386 | D:2      | HP: 8/29 [worm (8)]
  1855 | D:2      | Reached skill level 3 in Short Blades
  1933 | D:2      | Reached XP level 5. HP: 34/35 MP: 5/7
  2336 | D:2      | Found a blossoming altar of Fedhas.
  2516 | D:2      | Became a worshipper of Dithmenos the Shadowed
  2959 | D:2      | HP: 15/35 [something/magic dart (3)]
  2964 | D:2      | Reached skill level 4 in Short Blades
  3148 | D:3      | Found a hide-covered altar of Uskayaw.
  3155 | D:3      | Reached * piety under Dithmenos
  3157 | D:3      | Noticed a +0 dagger
  3161 | D:3      | Noticed a +0 hand axe
  3163 | D:3      | Reached XP level 6. HP: 39/41 MP: 8/8
  3228 | D:3      | Noticed Sigmund
  3309 | D:4      | Noticed Ijyb
  3356 | D:4      | Killed Ijyb
  3403 | D:4      | Noticed Grinder
  3406 | D:4      | Noticed Duvessa
  3435 | D:4      | Killed Duvessa
  3435 | D:4      | Reached skill level 5 in Short Blades
  3445 | D:4      | HP: 21/42 [Grinder/nerve-wracking pain (9)]
  3446 | D:4      | Paralysed by Grinder for 2 turns
  3772 | D:4      | Killed Grinder
  3772 | D:4      | Reached skill level 6 in Short Blades
  3772 | D:4      | Reached XP level 7. HP: 31/47 MP: 2/9
  4000 | D:4      | Found a basalt altar of Yredelemnul.
  4092 | D:4      | Found a white marble altar of Elyvilon.
  4222 | D:4      | Reached skill level 1 in Stealth
  4234 | D:4      | Reached skill level 1 in Invocations
  4311 | D:4      | HP: 22/47 [wight/+4 battleaxe of freezing (7)]
  4537 | D:4      | HP: 22/47 [wight/+4 battleaxe of freezing (4)]
  4597 | D:4      | HP: 18/47 [wight/+4 battleaxe of freezing (8)]
  4599 | D:4      | Reached XP level 8. HP: 20/54 MP: 2/10
  4804 | D:4      | Found a hazy altar of Hepliaklqana.
  4832 | D:4      | Found an iron altar of Okawaru.
  4935 | D:4      | Found a bloodstained altar of Trog.
  4954 | D:4      | Found a runed translucent door.
  4955 | D:4      | Noticed Crazy Yiuf
  5371 | D:4      | Killed Crazy Yiuf
  5542 | D:5      | Entered Level 5 of the Dungeon
  5586 | D:5      | Found a radiant altar of Vehumet.
  5682 | D:5      | Reached skill level 7 in Short Blades
  5815 | D:5      | Found Dedgheure's General Store.
  5853 | D:5      | Bought a scroll of teleportation for 42 gold pieces
  5853 | D:5      | Bought a potion of agility for 56 gold pieces
  5868 | D:5      | Found a shimmering blue altar of Sif Muna.
  6009 | D:5      | Found a glowing golden altar of the Shining One.
  6298 | D:5      | HP: 21/54 [ice beast (8)]
  6909 | D:6      | HP: 26/54 [black bear (2)]
  6915 | D:6      | HP: 7/54 [black bear (11)]
  7214 | D:6      | Reached XP level 9. HP: 59/59 MP: 11/11
  7305 | D:6      | Noticed a hippogriff
  7336 | D:6      | HP: 14/59 [orc warrior/+0 hand axe (17)]
  7585 | D:5      | HP: 28/59 [orc warrior/+0 hand axe (14)]
  7591 | D:5      | HP: 24/59 [orc warrior/+0 hand axe (5)]
  7596 | D:5      | HP: 12/59 [orc warrior/+0 hand axe (13)]
  7599 | D:5      | Slain by an orc warrior

Levels and vault maps discovered:
D:1:      dpeg_arrival_water_altar, layout_basic, kennysheep_pointless_box,
          patterned_corridor
D:2:      minmay_recursive_quarters, layout_rooms, fedhas_altar_fruit_tree,
          grunt_dithmenos_smoke_and_mirrors
D:3:      layout_basic, lemuel_coloured_pillars_altar, dancing_weapons_uskayaw,
          kennysheep_big_empty_room, minmay_rat_hole, uniq_sigmund
D:4:      layout_loops_ring, kennysheep_ying_yang, kennysheep_little_box,
          lemuel_round_altar, lemuel_crystal_altar, first_ration, uniq_ijyb,
          uniq_grinder, uniq_crazy_yiuf_cottage, uniq_duvessa
D:5:      layout_basic, marbit_many_paths, lemuel_crystal_altar,
          nicolae_overflow_crystal_walls, serial_shops,
          nicolae_shop_temple_entry_statues_fountains
D:6:      hangedman_cross_stitches, layout_loops_ring,
          minmay_temple_entry_proselytizer, ebering_ghost_xom,
          uniq_prince_ribbit1

Skill      XL: |  1  2  3  4  5  6  7  8 |
---------------+-------------------------+-----
Fighting       | 1 2 3 4 |  4.5
Short Blades   | 1 2 3 4 6 7 |  7.9
Transmutations | 2 |  2.0
Dodging        | 3 4 |  4.6
Stealth        | 1 3 |  3.2
Invocations    | 1 2 |  2.9
Unarmed Combat | |  2.4
Spellcasting   | |  1.5
Evocations     | |  0.1

Action                   |  1- 3 |  4- 6 |  7- 9 || total
-------------------------+-------+-------+-------++-------
Melee: Unarmed           |    34 |       |       ||    34
       Short sword       |    84 |   398 |   496 ||   978
       Dagger            |     5 |       |       ||     5
       Headbutt          |     3 |    25 |     7 ||    35
       Punch             |       |     6 |     8 ||    14
 Cast: Beastly Appendage |     6 |    14 |     4 ||    24
       Sticks to Snakes  |     2 |     5 |    22 ||    29
Evoke: Wand              |       |       |     6 ||     6
  Use: Scroll            |       |     6 |     1 ||     7
       Potion            |       |       |     2 ||     2
 Stab: Sleeping          |     1 |       |     2 ||     3
  Eat: Chunk             |     2 |     8 |     8 ||    18
       Ration            |       |       |     3 ||     3
Armor: Robe              |    11 |       |       ||    11
       Ring mail         |    26 |   134 |    82 ||   242
Dodge: Dodged            |    92 |   312 |   295 ||   699
